AoeStats
← AFG225

Black Forest

509274837Analyzed
4v4 RM · 7d ago on Sep 26, 2026· 63m 29s· 8 players
Game mode
Random Map
Map size
Large (8 player)
Population
200
Speed
Normal
Resources
Standard
Victory
Conquest
Starting age
Dark Age
Ending age
Imperial Age
RankedLock teamsTeams togetherTeam positionsShared explorationLock speedFull tech treeHidden civsTurbo modeCheats
Victory
Defeat
🇨🇳 Vietnamese · China
893
+12
🇺🇸 Turks · United States
888
+12
🇭🇰 Danes · Hong Kong SAR China
828
+14
🇺🇸 Magyars · United States
751
+25
🇺🇸 Burgundians · United States
865
-17
🇺🇸 Romans · United States
816
-15
🇺🇸 Saxons · United States
798
-14
🇺🇸 Hindustanis · United States
696
-10
尔等皆凡人
4:03 Loom
12:24 Feudal Age
19:37 Castle Age
17:42 Horse Collar
17:53 Double-Bit Axe
22:50 Wheelbarrow
24:07 Gold Mining
24:21 Heavy Plow
29:14 Imperial Age
27:20 Bow Saw
28:24 Stone Mining
28:54 Hand Cart
28:25 Loom
28:27 Town Watch
29:55 Bow Saw
32:18 Gold Shaft Mining
32:23 Stone Shaft Mining
31:59 Siege Engineers
32:15 Ballistics
32:55 Chemistry
32:20 Town Patrol
33:05 Conscription
32:07 Northmen's Fury
33:06 Onager
34:32 Siege Onager
35:30 Squires
35:16 Gambesons
35:17 Arson
35:42 Man-at-Arms
35:49 Pikeman
38:01 Hoardings
36:57 Halberdier
37:44 Scale Mail Armor
37:55 Forging
41:02 Chain Mail Armor
41:22 Iron Casting
47:01 Blast Furnace
46:34 Plate Mail Armor
50:18 Caravan
52:10 Elite Varangian Guard
53:53 Capped Ram
55:40 Siege Ram
56:02 Hamask
Every Anna
7:24 Loom
9:42 Feudal Age
10:08 Double-Bit Axe
12:52 Horse Collar
15:55 Wheelbarrow
19:57 Scale Barding Armor
22:06 Castle Age
20:44 Fletching
20:57 Padded Archer Armor
21:51 Bloodlines
22:20 Town Watch
22:09 Light Cavalry
22:50 Husbandry
23:59 Bow Saw
28:55 Hand Cart
28:44 Town Patrol
29:23 Thumb Ring
30:06 Chain Barding Armor
32:41 Ballistics
32:18 Murder Holes
38:04 Imperial Age
36:06 Bodkin Arrow
36:44 Masonry
37:55 Corvinian Army
38:48 Bracer
40:10 Leather Archer Armor
40:50 Heavy Cavalry Archer
42:20 Pikeman
43:02 Guard Tower
47:45 Scale Mail Armor
48:14 Parthian Tactics
49:21 Chain Mail Armor
51:29 Halberdier
53:17 Elite Magyar Huszar
57:03 Chemistry
57:47 Hussar
60:29 Plate Barding Armor
60:27 Ring Archer Armor
61:19 Arson
fatfatfattie
0:37 Loom
13:36 Feudal Age
18:40 Castle Age
17:19 Double-Bit Axe
17:16 Horse Collar
19:42 Heavy Plow
19:56 Bow Saw
28:38 Stone Mining
31:44 Imperial Age
29:21 Gold Mining
30:19 Wheelbarrow
29:30 Town Watch
31:47 Gold Shaft Mining
31:48 Hand Cart
33:15 Town Patrol
35:18 Two-Man Saw
36:47 Artillery
37:00 Husbandry
37:12 Bloodlines
37:18 Caravan
39:10 Elite Janissary
40:11 Conscription
40:30 Hoardings
43:32 Forging
43:27 Scale Barding Armor
43:23 Scale Mail Armor
43:13 Fletching
43:25 Padded Archer Armor
42:52 Heavy Scorpion
47:38 Heavy Camel Rider
48:39 Chain Barding Armor
48:55 Iron Casting
48:16 Bodkin Arrow
48:36 Chain Mail Armor
48:37 Leather Archer Armor
53:14 Plate Barding Armor
53:39 Blast Furnace
52:40 Bracer
53:10 Plate Mail Armor
58:58 Ring Archer Armor
sisseess
13:27 Feudal Age
14:16 Double-Bit Axe
14:15 Horse Collar
21:08 Castle Age
19:31 Gold Mining
19:35 Stone Mining
25:16 Stone Shaft Mining
24:44 Heavy Plow
26:25 Wheelbarrow
27:01 Hand Cart
29:32 Elite Skirmisher
33:30 Imperial Age
30:56 Loom
30:56 Town Watch
31:26 Fortified Wall
31:41 Ballistics
33:01 Thumb Ring
32:48 Fletching
32:59 Padded Archer Armor
33:00 Scale Mail Armor
33:11 Forging
32:23 Pikeman
33:03 Squires
33:24 Caravan
33:33 Town Patrol
34:56 Crop Rotation
33:56 Imperial Skirmisher
36:44 Treadmill Crane
36:56 Guard Tower
38:09 Chemistry
37:37 Fortified Wall
38:22 Masonry
38:09 Murder Holes
38:38 Leather Archer Armor
38:19 Bodkin Arrow
38:59 Iron Casting
38:40 Chain Mail Armor
37:48 Halberdier
38:33 Husbandry
38:44 Bloodlines
37:54 Light Cavalry
42:11 Onager
42:16 Capped Ram
50:03 Paper Money
50:23 Hoardings
57:52 Ring Archer Armor
57:22 Bracer
57:54 Plate Mail Armor
57:41 Siege Engineers
59:30 Scale Barding Armor
misterstaff
1:27 Loom
12:10 Feudal Age
12:40 Double-Bit Axe
17:28 Castle Age
18:45 Wheelbarrow
20:03 Horse Collar
23:20 Heavy Plow
25:21 Gold Mining
25:21 Stone Mining
26:20 Arson
26:38 Scale Mail Armor
26:49 Forging
31:14 Imperial Age
30:00 Hand Cart
30:43 Fletching
30:53 Padded Archer Armor
31:11 Treadmill Crane
31:36 Squires
31:25 Gambesons
33:34 Conscription
34:01 Shield Wall
35:57 Crop Rotation
34:55 Elite Skirmisher
37:41 Ballistics
38:24 Chemistry
37:33 Siege Engineers
38:04 Elite Varangian Guard
40:24 Iron Casting
40:04 Chain Mail Armor
41:02 Bow Saw
40:43 Town Watch
44:29 Hoardings
48:37 Caravan
48:49 Guilds
51:47 Thumb Ring
51:03 Crossbowman
Golden-Dragon
2:47 Loom
12:01 Feudal Age
10:49 Double-Bit Axe
11:15 Horse Collar
20:35 Castle Age
20:56 Heavy Plow
22:16 Husbandry
21:36 Cavalier
23:56 Gold Mining
24:00 Stone Mining
24:58 Bow Saw
26:45 Scale Barding Armor
26:51 Forging
29:02 Guilds
32:36 Imperial Age
30:19 Treadmill Crane
31:05 Chain Barding Armor
32:13 Two-Man Saw
33:58 Plate Barding Armor
33:59 Iron Casting
33:53 Paladin
35:43 Chemistry
37:50 Conscription
41:56 Elite Skirmisher
45:45 Wheelbarrow
AFG225
1:36 Loom
12:45 Feudal Age
15:08 Double-Bit Axe
19:01 Wheelbarrow
18:44 Horse Collar
19:53 Scale Mail Armor
21:20 Gold Mining
22:26 Fletching
29:28 Padded Archer Armor
29:38 Forging
32:53 Castle Age
31:06 Scale Barding Armor
33:59 Crossbowman
34:45 Thumb Ring
34:38 Bodkin Arrow
34:59 Leather Archer Armor
35:06 Chain Barding Armor
36:10 Gold Shaft Mining
35:54 Hand Cart
36:12 Bow Saw
36:21 Elite Skirmisher
39:04 Iron Casting
38:44 Chain Mail Armor
38:51 Heavy Plow
39:04 Pikeman
39:44 Squires
39:48 Husbandry
47:14 Imperial Age
47:37 Heavy Camel Rider
48:58 Plate Barding Armor
48:50 Bracer
52:42 Two-Man Saw
52:02 Fortified Wall
53:57 Ring Archer Armor
54:04 Imperial Camel Rider
55:42 Stone Mining
60:52 Hoardings
Glizzygirl10247
9:40 Feudal Age
10:22 Double-Bit Axe
10:41 Loom
15:20 Horse Collar
18:38 Wheelbarrow
24:05 Castle Age
21:51 Man-at-Arms
23:23 Padded Archer Armor
23:24 Scale Mail Armor
24:36 Forging
25:34 Bow Saw
26:02 Heavy Plow
26:12 Caravan
27:35 Squires
26:56 Long Swordsman
34:33 Imperial Age
32:29 Fletching
33:47 Hand Cart
33:50 Chain Mail Armor
33:34 Elite Skirmisher
35:00 Leather Archer Armor
34:41 Bodkin Arrow
34:46 Gold Mining
34:40 Crossbowman
35:21 Light Cavalry
36:24 Conscription
37:16 Fortified Wall
37:39 Ring Archer Armor
38:07 Bloodlines
41:16 Iron Casting
41:30 Crop Rotation
44:22 Legionary
Connection lost

Rejoining the realm…

Still unreachable

The connection could not be restored.

Session expired

The server has moved on; the page needs a fresh start.